Map: Ephemeron LE

Players

Probe - Winner!

  • Race: Protoss Protoss
  • Spawn Location: 11:00

BackupI

  • Race: Terran Terran
  • Spawn Location: 5:00

VOD

Have the link to the VOD?

Description

Time

  • Played on: Sept. 6, 2019, 8:14 p.m.
  • Length: 8:56
Show
View Real Time Build Order
Export as new Build Order

Probe Protoss - Winner!

Build Orders: 1 Gate Expand, Zealot Archon, Colossus Rush 

Get SALT Encoding   

  12  0:00  Probe  
  13  0:12  Probe  
  14  0:17  Pylon  
  14  0:24  Probe  
  15  0:32  Probe  
  15  0:40  Probe  
  15  0:41  Gateway  
  16  0:47  Assimilator  
  17  0:51  Probe  
  18  1:03  Probe  
  19  1:15  Probe  
  20  1:23  Nexus  
  20  1:33  Cybernetics Core  
  20  1:35  Probe  
  21  1:41  Assimilator  
  21  1:47  Probe  
  21  1:51  Pylon  
  22  1:59  Probe  
  22  2:00  Adept  
  23  2:07  Probe  
  23  2:10  Warp Gate  
  26  2:15  Probe  
  27  2:23  Robotics Facility  
  27  2:26  Probe  
  28  2:31  Probe  
  28  2:32  Stalker  
  31  2:39  Probe x2  
  33  2:49  Probe  
  33  2:51  Probe  
  35  3:02  Probe, Stalker  
  35  3:03  Observer, Probe  
  39  3:09  Pylon  
  40  3:14  Probe  
  40  3:15  Probe  
  42  3:23  Gateway  
  42  3:24  Observer  
  42  3:25  Gateway  
  42  3:26  Probe  
  44  3:28  Probe  
  45  3:38  Probe  
  45  3:40  Pylon, Probe  
  45  3:41  Assimilator  
  47  3:43  Assimilator  
  47  3:45  Observer  
  48  3:50  Probe  
  48  3:51  Robotics Bay  
  48  3:52  Probe  
  50  4:09  Probe  
  46  4:11  Probe  
  46  4:14  Observer  
  46  4:15  Warp Prism  
  47  4:20  Probe  
  47  4:21  Probe  
  49  4:29  Probe  
  51  4:33  Probe  
  51  4:35  Stalker  
  51  4:36  Stalker x2  
  51  4:38  Probe  
  59  4:45  Probe  
  61  4:49  Pylon  
  61  4:50  Probe  
  61  4:57  Probe, Nexus  
  62  5:05  Pylon  
  62  5:06  Colossus  
  62  5:12  Shield Battery  
  68  5:20  Forge, Twilight Council  
  68  5:22  Probe x2  
  68  5:24  Sentry  
  68  5:27  Pylon, Charge  
  72  5:33  Protoss Ground Armor Level 1  
  72  5:34  Probe x2  
  68  5:46  Probe x2  
  70  5:50  Shield Battery  
  70  5:58  Probe x2  
  72  6:05  Colossus  
  72  6:10  Probe  
  79  6:12  Probe x2  
  79  6:18  Gateway  
  81  6:20  Gateway  
  81  6:24  Gateway  
  81  6:25  Probe  
  82  6:26  Probe  
  82  6:28  Probe  
  84  6:33  Observer  
  84  6:37  Probe  
  84  6:38  Probe  
  86  6:42  Gateway  
  86  6:43  Gateway  
  86  6:46  Sentry  
  88  6:50  Templar Archives, Zealot  
  88  6:51  Zealot  
  88  6:53  Probe x2  
  94  6:57  Pylon  
  94  6:59  Pylon  
  94  7:10  Colossus  
  94  7:15  Zealot x4  
  107  7:33  Shield Battery  
  107  7:34  High Templar x2  
  107  7:36  Shield Battery, High Templar x2, Zealot  
  117  7:41  Shield Battery, Archon x2  
  117  7:42  Shield Battery  
  117  7:43  Pylon x2  
  117  7:44  Pylon  
  115  7:56  Zealot  
  115  8:00  Zealot x2  
  115  8:01  Shield Battery, Zealot  
  115  8:04  Disruptor  
  120  8:06  Shield Battery  
  120  8:11  Sentry  
  120  8:12  Zealot x3  
  118  8:17  Zealot  
  118  8:27  Sentry x2  
  122  8:35  Pylon, Zealot x4  
  128  8:46  Zealot  
  128  8:47  Zealot  
  126  8:51  Zealot x2  
Show
View Real Time Build Order
Export as new Build Order

BackupI Terran 

Build Orders: Banshee Rush 

Get SALT Encoding   

  12  0:00  SCV  
  13  0:13  SCV  
  14  0:19  Supply Depot  
  14  0:25  SCV  
  15  0:41  SCV  
  16  0:42  Barracks  
  16  0:45  Refinery  
  16  0:53  SCV  
  17  1:05  SCV  
  18  1:17  SCV  
  19  1:29  Orbital Command, Marine  
  20  1:42  Command Center  
  20  1:54  Factory  
  20  1:57  SCV  
  21  2:05  Barracks Reactor  
  21  2:09  SCV  
  21  2:13  Supply Depot  
  22  2:20  Refinery  
  22  2:21  SCV  
  23  2:35  SCV  
  24  2:42  Starport  
  24  2:47  SCV  
  24  2:48  Hellion x2  
  29  2:53  Reaper  
  29  2:58  Orbital Command  
  30  3:00  SCV  
  31  3:13  Hellion x2  
  31  3:16  SCV  
  31  3:18  Starport Tech Lab  
  36  3:23  SCV  
  37  3:28  SCV  
  37  3:33  Supply Depot  
  38  3:36  SCV  
  38  3:38  Cloaking Field  
  38  3:40  SCV, Factory Tech Lab  
  40  3:41  Banshee  
  40  3:44  Marine  
  40  3:46  Marine  
  40  3:48  SCV  
  46  3:54  SCV  
  47  3:56  Supply Depot  
  47  4:00  SCV  
  47  4:02  Marine  
  49  4:05  Marine  
  49  4:06  SCV  
  45  4:12  SCV  
  45  4:13  Siege Tank  
  47  4:18  SCV  
  47  4:20  Marine  
  47  4:23  Marine  
  49  4:24  Banshee, SCV  
  49  4:28  Bunker, Supply Depot  
  49  4:30  SCV  
  54  4:36  SCV  
  55  4:39  Marine  
  55  4:41  Marine  
  55  4:43  SCV  
  58  4:46  Siege Tank  
  58  4:48  SCV  
  62  4:55  SCV  
  62  5:01  SCV  
  62  5:04  Barracks x2  
  63  5:07  SCV  
  63  5:09  Supply Depot  
  63  5:13  Barracks Tech Lab  
  64  5:16  SCV  
  64  5:19  Siege Tank, SCV  
  69  5:22  Refinery, Barracks x2  
  69  5:23  Refinery  
  69  5:29  SCV  
  69  5:32  SCV  
  69  5:34  Supply Depot, Marine  
  72  5:41  SCV  
  73  5:44  SCV  
  73  5:46  Stimpack  
  73  5:47  Engineering Bay  
  75  5:58  Supply Depot  
  75  5:59  Marine  
  75  6:00  Factory Reactor  
  75  6:06  Combat Shield  
  75  6:07  Marauder, Supply Depot  
  75  6:08  Supply Depot, Marine x2  
  75  6:10  Barracks Tech Lab, Barracks Reactor  
  79  6:11  Starport Reactor  
  78  6:20  Terran Infantry Weapons Level 1  
  78  6:22  Marauder  
  80  6:25  Marine  
  80  6:26  Marine  
  80  6:27  Supply Depot  
  80  6:29  Marauder x2  
  86  6:36  Supply Depot  
  86  6:38  Widow Mine x2  
  90  6:40  Supply Depot  
  90  6:43  Marauder, Marine x2  
  94  6:47  Marine  
  94  6:48  Supply Depot, Marine  
  94  6:50  Marauder x2  
  94  6:53  Medivac  
  102  6:58  Medivac  
  104  7:01  Marine x2  
  104  7:04  Marine  
  104  7:05  Marine x2  
  109  7:11  Marauder  
  109  7:12  Marauder  
  111  7:19  Marine x2  
  112  7:23  Marauder  
  111  7:30  Supply Depot  
  111  7:31  Medivac x2  
  111  7:33  Marauder x2  
  111  7:34  Marine x2  
  115  7:37  Widow Mine, Marine  
  115  7:38  Marine  
  121  7:44  Marauder, Supply Depot  
  121  7:51  Marine  
  121  7:52  Marine  
  121  7:54  Marauder x2  
  121  7:55  Marine  
  121  7:56  Marine  
  127  8:05  Marauder  
  118  8:16  Marauder, Medivac  
  122  8:25  Medivac  
  122  8:26  Marine x6  
  130  8:31  Widow Mine  
Tags
 
Add a new tag
Caveats
  • Supply blocks, unpowered buildings, or Contaminate may cause inaccurate times.
  • Supply counts are checked every 10 seconds.